 Dungeon Crawl Stone Soup version 0.32-a0-128-g77eb882913 (webtiles) character file.

Game seed: 11274827679139991475

93 hikkokomori the Grasshopper (level 4, -4/36 HPs)
             Began as an Armataur Warper on Feb 7, 2024.
             Killed by nerve-wracking pain
             ... invoked by Grinder
              (8 damage)
             ... on level 3 of the Dungeon.
             The game lasted 00:06:46 (1848 turns).

hikkokomori the Grasshopper (Armataur Warper)       Turns: 1848, Time: 00:06:47

Health: -4/36      AC:  5    Str: 18    XL:     4   Next: 37%
Magic:  5/7        EV:  9    Int: 14    God:
Gold:   91         SH:  0    Dex:  9    Spells: 3/7 levels left

rFire   . . .        a - +0 mace
rCold   . . .        (no shield)
rNeg    . . .        b - +0 leather armour
rPois   .            q - +0 helmet {SInv}
rElec   .            (no cloak)
rCorr   .            (no gloves)
SInv    +            (no barding)
Will    +....        (no amulet)
Stlth   +            m - ring of willpower
HPRegen 0.26/turn    (no ring)
MPRegen 0.10/turn

%: roll
@: on blink cooldown
A: large, deformed body, tough skin 3, armoured tail, roll 1
a: no special abilities


You were on level 3 of the Dungeon.
You visited 1 branch of the dungeon, and saw 3 of its levels.

You collected 91 gold pieces.

Inventory:

Hand Weapons
 a - a +0 mace (weapon)
Missiles
 d - 4 darts of dispersal (quivered)
Armour
 b - a +0 leather armour (worn)
 o - a +0 plate armour
 q - a +0 helmet of see invisible (worn)
Magical Staves
 k - a staff of earth
Jewellery
 m - a ring of willpower (left hand)
 p - a ring of flight
Scrolls
 e - a scroll of teleportation
 l - a scroll of noise {unknown}
 n - a scroll of poison {unknown}
Potions
 g - a potion of brilliance


   Skills:
 + Level 2.2 Fighting
 + Level 2.9 Maces & Flails
 - Level 0.8 Throwing
 - Level 1.2 Armour
 - Level 1.3 Dodging
 - Level 2.2 Spellcasting
 + Level 3.8 Translocations


You had 3 spell levels left.
You knew the following spells:

 Your Spells              Type           Power      Damage    Failure   Level
a - Blink                 Tloc           24%        N/A       9%          2
b - Lesser Beckoning      Tloc           24%        N/A       9%          2

Your spell library contained the following spells:

 Spells                   Type           Power      Damage    Failure   Level
 Teleport Other           Tloc           12%        N/A       17%         3
 Manifold Assault         Tloc           12%        N/A       50%         4
 Vhi's Electric Charge    Tloc/Air       12%        N/A       77%         4


Dungeon Overview and Level Annotations

Branches:
Dungeon (3/15)

Altars:

Shops:
D:2 [

Annotations:
D:3 Grinder, Pargi, Robin


Innate Abilities, Weirdness & Mutations

Armour fits poorly on your strangely shaped body.
You have extremely tough skin. (AC +3)
You have a long armoured tail.
You regenerate magic when rolling toward enemies. (Rampage MPRegen)


Message History

Pain shoots through your body! Robin throws the goblin at you!
The goblin barely misses you.
As you read the scroll labelled TALULEONAC, it crumbles to dust.
It is a scroll of amnesia.
Okay, then.
Grinder hits you but does no damage. The goblin hits you with a +0 club.
Cast which spell? (? or * to list)
You blink.
Robin throws the goblin at you!
You completely miss the goblin. You tail-slap the goblin.
The goblin is severely wounded.
The goblin hits you with a +0 dagger.
* * * LOW HITPOINT WARNING * * *
Grinder gestures at you. You resist with some effort.
Robin's bangles clink loudly.
You barely miss the goblin.
Your tail-slap misses the goblin.
The goblin is severely wounded.
The goblin hits you but does no damage. Robin hits you with a +0 club.
* * * LOW HITPOINT WARNING * * *
The goblin hits you with a +0 dagger.
* * * LOW HITPOINT WARNING * * *
Unknown command.
You closely miss the goblin.
The goblin is severely wounded.
Robin hits you with a +0 club.
* * * LOW HITPOINT WARNING * * *
The goblin hits you but does no damage. Grinder gestures at you.
You resist with some effort. Robin hits you with a +0 club.
* * * LOW HITPOINT WARNING * * *
Casting: Blink (safe; 9% risk of failure)
Confirm with . or Enter, or press ? or * to list all spells.
Okay, then.
Okay, then.
The goblin attacks as it pursues you! The goblin barely misses you.
Grinder barely misses you. The goblin misses you. Grinder gestures at you.
Pain shoots through your body!
You die...
Grinder says, "Hey, I wasn't done torturing you yet!"

#...ggg....#
#..###.###.#
#g# #.# # #.#
#.#####.# #.#
#...$.)K#
##.###.K######
#.. #...#g5g#
#..# .#..g..#
##..#
#...#.@.#
##...#
##.###.##
.#..# #. #.#
#.#.# # #.#
#.#.### ...
#....†. #.#
#.#####...###
#..
...........)
###
#.###..[####
###.###...#


You could see Grinder, Robin, 2 goblins and a kobold.

Vanquished Creatures
  Jessica (D:3)
  2 adders
  2 ribbon worms (D:2)
  2 orcs (D:3)
  3 bats (D:2)
  5 endoplasms
  10 goblins
  4 hobgoblins
  2 jackals (D:1)
  4 ball pythons
  2 frilled lizards
  5 rats
42 creatures vanquished.

Notes
Turn   | Place    | Note
-------+----------+-------------------------------------------
     0 | D:1      | hikkokomori the Armataur Warper began the quest for the
                  | Orb.
     0 | D:1      | Reached XP level 1. HP: 17/17 MP: 3/3
   369 | D:1      | Reached XP level 2. HP: 18/24 MP: 5/5
   810 | D:2      | Found Ceduom's Antique Armour Boutique.
   927 | D:2      | Reached XP level 3. HP: 26/29 MP: 6/6
   930 | D:2      | Learned a level 2 spell: Blink
   933 | D:2      | Learned a level 2 spell: Lesser Beckoning
  1366 | D:3      | Noticed Robin
  1366 | D:3      | Found a faded altar of an unknown god.
  1488 | D:3      | Noticed Jessica
  1491 | D:3      | Killed Jessica
  1505 | D:3      | Reached XP level 4. HP: 36/36 MP: 7/7
  1739 | D:3      | Noticed Pargi
  1809 | D:3      | HP: 1/36 [Pargi (4)]
  1814 | D:3      | Noticed Grinder
  1848 | D:3      | Killed from afar by Grinder

Illustrated notes

Levels and vault maps discovered:
D:1:      lemuel_arrival_broad_hall, layout_basic, serial_bayou_pond_e,
          minivault_25
D:2:      layout_loops_ring, serial_shops, nicolae_shop_tiny_glass
D:3:      layout_loops_ring, chei_slow_surprise, led_xom_imps,
          nicolae_ecumenical_oubliette, uniq_jessica, uniq_robin, uniq_pargi,
          uniq_grinder

Skill      XL: |  1  2  3 |
---------------+----------+-----
Maces & Flails | 2 |  2.9
Spellcasting   | 2 |  2.2
Fighting       | 2 |  2.2
Throwing       | |  0.8
Armour         | |  1.2
Dodging        | |  1.3
Translocations | |  3.8

Action                     |  1- 3 |  4- 6 || total
---------------------------+-------+-------++-------
  Melee: Mace              |    76 |    55 ||   131
         Tailslap          |     9 |     8 ||    17
         Punch             |     2 |     1 ||     3
  Throw: Dart              |       |     3 ||     3
   Cast: Blink             |       |     1 ||     1
    Use: Scroll            |     1 |     6 ||     7
         Potion            |       |     1 ||     1
 Armour: Leather armour    |    46 |    83 ||   129
  Dodge: Dodged            |    41 |    56 ||    97

Table legend: (Time is in decaauts)
 A = Elapsed time spent in this place.
 B = Non-inter-level travel time spent in this place.
 C = Inter-level travel time spent in this place.
 D = Time resting spent in this place.
 E = Time spent auto-exploring this place.
 F = Levels seen in this place.
 G = Mean time per level.
                   A        B        C        D        E       F      G
               +--------+--------+--------+--------+--------+-----+--------+
         Total |   1884 |   1762 |    122 |    100 |   1217 |   3 |  628.0 |
       Dungeon |   1884 |   1762 |    122 |    100 |   1217 |   3 |  628.0 |
               +--------+--------+--------+--------+--------+-----+--------+

Top non-repeatable levels by time:
     D:2: 945 daAuts
     D:1: 647 daAuts
     D:3: 290 daAuts
